 Dungeon Crawl Stone Soup version 0.30-a0-883-g5ad918d77d (webtiles) character file.

Game seed: 12966129387025439477

5646 Jeffwins the Caller (level 11, -10/68 HPs)
             Began as a Human Wanderer on Mar 16, 2023.
             Was a Believer of Vehumet.
             Mangled by a two-headed ogre
             ... wielding a +0 giant spiked club
              (12 damage)
             ... on level 9 of the Dungeon.
             The game lasted 00:17:11 (8745 turns).

Jeffwins the Caller (Human Wanderer)                Turns: 8745, Time: 00:17:12

Health: -10/68     AC:  6    Str: 10    XL:     11   Next: 4%
Magic:  2/18       EV: 10    Int: 26    God:    Vehumet [**....]
Gold:   483        SH:  0    Dex: 18    Spells: 4/20 levels left

rFire   . . .      SeeInvis .    b - +0 arbalest
rCold   . . .      Faith    .    (shield currently unavailable)
rNeg    . . .      Spirit   .    v - +0 leather armour
rPois   .          Reflect  .    B - +2 helmet
rElec   .          Rampage  .    (no cloak)
rCorr   .                        (no gloves)
Will    .....                    (no boots)
Stlth   +++                      f - amulet of magic regeneration
HPRegen 0.31/turn                X - +6 ring of dexterity
MPRegen 0.56/turn                I - +6 ring of intelligence

@: very slightly contaminated
A: no striking features
a: Renounce Religion


You were on level 9 of the Dungeon.
You worshipped Vehumet.
Vehumet was pleased with you.
You visited 2 branches of the dungeon, and saw 10 of its levels.

You collected 483 gold pieces.


   Skills:
 + Level 3.3 Throwing
 - Level 2.0 Armour
 - Level 5.0 Stealth
 * Level 5.2 Spellcasting
 * Level 5.8 Conjurations
 * Level 6.6 Summonings
 * Level 3.8 Transmutations
 * Level 5.7 Fire Magic
 * Level 5.3 Air Magic
 * Level 4.9 Poison Magic
 + Level 3.1 Evocations


You had 4 spell levels left.
You knew the following spells:

 Your Spells              Type           Power      Damage    Failure   Level
a - Arcjolt               Conj/Air       17%        1d27      28%         5
l - Summon Lightning Spi  Summ/Air       37%        N/A       9%          4
m - Mephitic Cloud        Conj/Pois/Air  34%        N/A       3%          3
z - Foxfire               Conj/Fire      100%       2x1d9     1%          1
X - Ignite Poison         Fire/Tmut/Pois 32%        N/A       4%          3

Your spell library contained the following spells:

 Spells                   Type           Power      Damage    Failure   Level
 Scorch                   Fire           72%        2d9       1%          2
 Magic Dart               Conj           100%       1d8       1%          1
 Summon Small Mammal      Summ           100%       N/A       1%          1
 Call Imp                 Summ           41%        N/A       1%          2
 Static Discharge         Conj/Air       70%        2-5/arc   1%          2
 Passwall                 Tmut/Erth      13%        N/A       7%          2
 Summon Guardian Golem    Hex/Summ       24%        N/A       8%          3
 Hailstorm                Conj/Ice       22%        3d7       9%          3
 Stone Arrow              Conj/Erth      44%        3d9       9%          3
 Sticky Flame             Conj/Fire      36%        2d6       9%          4
 Sandblast                Erth           12%        2d6       10%         1
 Vhi's Electric Charge    Tloc/Air       40%        N/A       10%         3
 Lightning Bolt           Conj/Air       17%        1d32      28%         5
 Summon Forest            Summ/Tloc      12%        N/A       56%         5
 Summon Mana Viper        Hex/Summ       24%        N/A       56%         5
 Summon Cactus Giant      Summ           20%        N/A       69%         6
 Ignition                 Fire           18%        3d7       100%        8

Inventory:

Hand Weapons
 a - a +0 dagger of electrocution
 b - a +0 arbalest (weapon)
 E - a +2 long sword of flaming
 G - a +0 glaive
Missiles
 k - a curare-tipped dart {=f}
 w - 5 poisoned darts
Armour
 v - a +0 leather armour (worn)
 B - a +2 helmet (worn)
 H - +0 swamp dragon scales
 J - +0 steam dragon scales
 K - a +0 cloak
Magical Staves
 L - a staff of death
Jewellery
 f - an amulet of magic regeneration (around neck)
 s - a +6 ring of strength
 I - a +6 ring of intelligence (right hand)
 X - a +6 ring of dexterity (left hand)
Wands
 x - a wand of paralysis (14)
Scrolls
 d - a scroll of fog
 e - 3 scrolls of teleportation {@r4}
 h - 4 scrolls of vulnerability {!r}
 j - a scroll of poison {!r}
 m - 3 scrolls of amnesia
 n - 2 scrolls of magic mapping
 p - 2 scrolls of enchant armour
 r - 2 scrolls of enchant weapon
 D - a scroll of fear
 M - a scroll of torment {unknown}
Potions
 c - a potion of magic {unknown}
 g - 5 potions of invisibility {unknown}
 i - 3 potions of haste {unknown}
 l - 4 potions of might {unknown}
 o - 4 potions of flight {unknown}
 q - 5 potions of curing {unknown}
 t - a potion of brilliance {unknown}
 u - a potion of berserk rage {unknown}
 y - 2 potions of attraction {!q}
 z - 2 potions of heal wounds {unknown}
 A - a potion of cancellation {unknown}
 C - 4 potions of mutation {unknown}
 F - a potion of ambrosia {unknown}

Dungeon Overview and Level Annotations

Branches:
Dungeon (9/15)             Temple (1/1) D:4
   Lair: D:8-11         Orc: D:9-12

Altars:
Ashenzari
Cheibriados
Dithmenos
Elyvilon
Gozag
Hepliaklqana
Kikubaaqudgha
Makhleb
Nemelex Xobeh
Okawaru
Qazlal
Ru
Sif Muna
Uskayaw
Vehumet
Wu Jian
Yredelemnul
The Shining One

######.........# #
#.........# # #.........# #
#........># ##.....####
######.###### #.#.........#
##+#########
#.#.#######.####..........#
#.........#@'.##..........#
#.#######.#O#.##..........#
#.#.....#.#.#.##..........#
###.###.#.#.#..#..........#
+...#.#...#)##.#..........##
#.###.#####.##.'..........'.
#.#...#.....####..........##
#.#.#.#.###.# ##'#########
#...#...#...# #.##


You could see a two-headed ogre.


Message History

Casting: Foxfire (safe; 1% risk of failure)
Confirm with . or Enter, or press ? or * to list all spells.
The spell is quite dangerous to miscast (28% risk of failure)!
Continue anyway?
Okay, then.
Casting: Arcjolt (quite dangerous; 28% risk of failure)
Confirm with . or Enter, or press ? or * to list all spells.
The spell is quite dangerous to miscast (28% risk of failure)!
Continue anyway?
Electricity surges outward!
The two-headed ogre is severely wounded.
Unknown command.
Casting: Arcjolt (quite dangerous; 28% risk of failure)
Confirm with . or Enter, or press ? or * to list all spells.
The spell is quite dangerous to miscast (28% risk of failure)!
Continue anyway?
Electricity surges outward!
The two-headed ogre is almost dead.
The two-headed ogre hits you with a +0 giant spiked club!!
The two-headed ogre hits you with a +0 dire flail!!
* * * LOW HITPOINT WARNING * * *
Unknown command.
Casting: Arcjolt (quite dangerous; 28% risk of failure)
Confirm with . or Enter, or press ? or * to list all spells.
The spell is quite dangerous to miscast (28% risk of failure)!
Continue anyway?
You miscast Arcjolt.
You are very lightly contaminated with residual magic.
You feel a sudden electric shock!
* * * LOW HITPOINT WARNING * * *
The two-headed ogre hits you with a +0 giant spiked club!
* * * LOW HITPOINT WARNING * * *
The two-headed ogre hits you with a +0 dire flail!
You die...

Skill      XL: |  1  2  3  4  5  6  7  8  9 10 |
---------------+-------------------------------+-----
Fire Magic     | 1 2 3 4 5 |  5.7
Conjurations   | 2 3 4 5 |  5.8
Spellcasting   | 2 3 4 5 |  5.2
Air Magic      | 1 2 3 4 5 |  5.3
Summonings     | 4 5 6 |  6.6
Poison Magic   | 1 3 4 |  4.9
Stealth        | 4 5 |  5.0
Evocations     | 1 2 3 |  3.1
Throwing       | 1 2 3 |  3.3
Transmutations | 2 3 |  3.8
Armour         | |  2.0

Action                     |  1- 3 |  4- 6 |  7- 9 | 10-12 || total
---------------------------+-------+-------+-------+-------++-------
  Melee: Dagger            |    38 |    17 |    20 |     4 ||    79
   Fire: Arbalest          |       |       |       |    11 ||    11
   Cast: Foxfire           |    73 |   154 |   228 |   116 ||   571
         Mephitic Cloud    |       |       |     4 |       ||     4
         Summon Lightning  |       |       |     3 |     9 ||    12
         Arcjolt           |       |       |       |     5 ||     5
  Evoke: Wand              |       |       |       |     2 ||     2
    Use: Scroll            |       |     3 |     5 |     3 ||    11
   Stab: Sleeping          |     1 |     2 |     2 |       ||     5
         Confused          |       |       |     1 |       ||     1
 Armour: Robe              |     9 |    10 |       |       ||    19
         Leather armour    |       |     5 |    20 |     8 ||    33
         Swamp dragon scal |       |       |       |     4 ||     4
  Dodge: Dodged            |    32 |    21 |    40 |    13 ||   106

Levels and vault maps discovered:
D:1:      evilmike_arrival_crescent, layout_basic
D:2:      layout_basic
D:3:      layout_rooms, uniq_jessica
D:4:      layout_basic, mainiacjoe_overflow_alcove_2,
          minmay_temple_entry_purple_smoke, st_stairs_2
D:5:      layout_cave_pods, pdpol_wu_jian_five_deadly_venoms,
          mainiacjoe_overflow_alcove_4
D:6:      layout_loops_ring, lemuel_crystal_altar
D:7:      layout_gridville, kennysheep_vampire_church
D:8:      layout_basic, uniq_maggie
D:9:      layout_roguey, grunt_temple_overflow_order_and_chaos_1
Temple:   oiseaux_autumnal_temple

Notes
Turn   | Place    | Note
-------+----------+-------------------------------------------
     0 | D:1      | Jeffwins the Human Wanderer began the quest for the Orb.
     0 | D:1      | Jeffwins set off with the following items: a +0 dagger, a
                  | potion of attraction {!q}, a +0 robe, a +0 helmet; and the
                  | following spells available to memorise: Summon Small
                  | Mammal, Foxfire, Summon Guardian Golem, Hailstorm, Summon
                  | Lightning Spire.
     0 | D:1      | Reached XP level 1. HP: 13/13 MP: 2/2
     2 | D:1      | Learned a level 1 spell: Foxfire
   196 | D:1      | Reached XP level 2. HP: 19/19 MP: 1/3
   595 | D:1      | Reached XP level 3. HP: 23/24 MP: 2/4
   700 | D:1      | Reached skill level 1 in Fire Magic
  1118 | D:2      | Reached XP level 4. HP: 30/30 MP: 2/6
  1192 | D:2      | Reached skill level 2 in Conjurations
  1670 | D:2      | Learned a level 4 spell: Summon Lightning Spire
  2265 | D:3      | Noticed Jessica
  2272 | D:3      | Killed Jessica
  2273 | D:3      | Reached skill level 2 in Spellcasting
  2273 | D:3      | Reached XP level 5. HP: 35/35 MP: 3/8
  2509 | D:3      | Reached skill level 1 in Air Magic
  2606 | D:4      | Found a staircase to the Ecumenical Temple.
  2614 | Temple   | Entered the Ecumenical Temple
  2864 | Temple   | Became a worshipper of Vehumet
  3271 | D:4      | Reached skill level 2 in Fire Magic
  3271 | D:4      | Reached XP level 6. HP: 41/41 MP: 5/9
  3407 | D:4      | Found a stormy altar of Qazlal.
  3481 | D:4      | Reached skill level 4 in Summonings
  3799 | D:5      | Entered Level 5 of the Dungeon
  3805 | D:5      | Found an ornate altar of the Wu Jian Council.
  3851 | D:5      | Reached skill level 3 in Conjurations
  4039 | D:5      | Learned a level 3 spell: Mephitic Cloud
  4066 | D:5      | Noticed an ice beast
  4072 | D:5      | Killed an ice beast
  4073 | D:5      | Reached skill level 2 in Air Magic
  4073 | D:5      | Reached XP level 7. HP: 20/46 MP: 6/11
  4285 | D:5      | Reached skill level 1 in Poison Magic
  4648 | D:5      | Reached skill level 3 in Spellcasting
  4648 | D:5      | Reached skill level 3 in Fire Magic
  4707 | D:5      | Reached * piety under Vehumet
  4707 | D:5      | Offered knowledge of Shock by Vehumet.
  4948 | D:5      | Found a glowing golden altar of the Shining One.
  5171 | D:6      | Reached XP level 8. HP: 46/52 MP: 10/12
  5300 | D:6      | Reached skill level 2 in Poison Magic
  5333 | D:6      | Found a shimmering blue altar of Sif Muna.
  5379 | D:6      | Reached skill level 4 in Stealth
  5379 | D:6      | Reached skill level 3 in Air Magic
  5579 | D:6      | Reached skill level 4 in Conjurations
  5579 | D:6      | Reached skill level 1 in Evocations
  5653 | D:6      | Reached skill level 1 in Throwing
  5653 | D:6      | Reached skill level 5 in Summonings
  5842 | D:6      | Learned a level 3 spell: Ignite Poison
  6200 | D:7      | Reached skill level 3 in Poison Magic
  6200 | D:7      | Reached XP level 9. HP: 57/57 MP: 10/14
  6344 | D:7      | Reached skill level 1 in Transmutations
  6344 | D:7      | Reached skill level 4 in Fire Magic
  6367 | D:7      | Reached skill level 4 in Spellcasting
  6417 | D:7      | Reached skill level 2 in Throwing
  6417 | D:7      | Reached skill level 4 in Air Magic
  6421 | D:7      | Reached skill level 2 in Evocations
  6422 | D:7      | Reached skill level 2 in Transmutations
  6804 | D:7      | Found an ancient bone altar of Kikubaaqudgha.
  6809 | D:7      | Offered knowledge of Freeze by Vehumet.
  6813 | D:7      | Reached ** piety under Vehumet
  7104 | D:8      | Reached skill level 5 in Conjurations
  7104 | D:8      | Reached XP level 10. HP: 60/63 MP: 10/16
  7117 | D:8      | Reached skill level 4 in Poison Magic
  7138 | D:8      | Reached skill level 6 in Summonings
  7425 | D:8      | Noticed Maggie
  7435 | D:8      | Killed Maggie
  7436 | D:8      | Reached skill level 3 in Transmutations
  7436 | D:8      | Reached skill level 5 in Fire Magic
  7684 | D:8      | Reached skill level 3 in Throwing
  8149 | D:9      | Reached skill level 5 in Spellcasting
  8160 | D:9      | Learned a level 5 spell: Arcjolt
  8187 | D:9      | Reached skill level 5 in Air Magic
  8283 | D:9      | Offered knowledge of Scorch by Vehumet.
  8301 | D:9      | Noticed a two-headed ogre
  8312 | D:9      | Killed a two-headed ogre
  8313 | D:9      | Reached skill level 5 in Stealth
  8313 | D:9      | Reached skill level 3 in Evocations
  8394 | D:9      | Noticed a two-headed ogre
  8420 | D:9      | Reached XP level 11. HP: 27/68 MP: 12/18
  8733 | D:9      | Noticed a two-headed ogre
  8745 | D:9      | HP: 2/68 [two-headed ogre/+0 giant spiked club (17)]
  8745 | D:9      | Mangled by a two-headed ogre

Vanquished Creatures
  6 yaks
  3 steam dragons
  2 water moccasins
  An ogre (D:7)
  3 orc warriors
  A black bear (D:7)
  An ice beast (D:5)
  2 centaurs
  A phantom (D:7)
  A kobold brigand (D:5)
  3 bullfrogs
  3 scorpions
  5 wights (D:9)
  2 killer bees (D:9)
  2 howler monkeys
  2 vampire bats (D:7)
  2 jellies
  2 orc priests
  3 hounds
  Jessica (D:3)
  An iguana (D:6)
  11 orc wizards
  4 adders
  6 gnolls
  3 white imps
  2 worms (D:2)
  3 dart slugs
  10 orcs
  3 bat skeletons (D:7)
  3 bat zombies (D:7)
  9 endoplasms
  5 giant cockroaches
  7 goblins
  7 hobgoblins
  2 jackals (D:2)
  10 kobolds
  6 ball pythons
  6 bats
  5 frilled lizards
  7 rats
156 creatures vanquished.

Vanquished Creatures (collateral kills)
  A two-headed ogre (D:9)
  Maggie (D:8)
  3 yaks
  A centaur (D:9)
  A bullfrog (D:8)
  A scorpion (D:6)
  3 wights (D:9)
  A killer bee (D:9)
  An orc priest (D:8)
  A nameless horror (D:8)
  7 orcs
21 creatures vanquished.

Vanquished Creatures (others)
  991 foxfires
991 creatures vanquished.

Grand Total: 1168 creatures vanquished

Table legend: (Time is in decaauts)
 A = Elapsed time spent in this place.
 B = Non-inter-level travel time spent in this place.
 C = Inter-level travel time spent in this place.
 D = Time resting spent in this place.
 E = Time spent auto-exploring this place.
 F = Levels seen in this place.
 G = Mean time per level.
                   A        B        C        D        E       F      G
               +--------+--------+--------+--------+--------+-----+--------+
         Total |   8758 |   8330 |    428 |     18 |   6807 |  10 |  875.8 |
       Dungeon |   8469 |   8100 |    369 |     18 |   6590 |   9 |  941.0 |
        Temple |    289 |    230 |     59 |      0 |    216 |   1 |  289.0 |
               +--------+--------+--------+--------+--------+-----+--------+

Top non-repeatable levels by time:
     D:5: 1315 daAuts
     D:7: 1066 daAuts
     D:2: 1027 daAuts
     D:8: 1011 daAuts
     D:1: 996 daAuts
     D:4: 938 daAuts
     D:6: 912 daAuts
     D:9: 647 daAuts
     D:3: 552 daAuts
  Temple: 289 daAuts

Table legend:
 A = Non-vault XP
 B = Vault XP
 C = Vault XP percentage of total XP
 D = Non-vault monster count
 E = Vault monster count
 F = Vault count percentage of total count
                 A         B        C        D         E       F
            +---------+---------+-------+---------+---------+-------
      Total |    7487 |     580 |   7.2 |     164 |      12 |   6.8
            +---------+---------+-------+---------+---------+-------
        D:1 |      44 |       0 |   0.0 |      28 |       0 |   0.0
        D:2 |      73 |       0 |   0.0 |      23 |       0 |   0.0
        D:3 |      59 |      37 |  38.5 |      13 |       1 |   7.1
        D:4 |     143 |       4 |   2.7 |       8 |       2 |  20.0
        D:5 |     553 |       0 |   0.0 |      17 |       0 |   0.0
        D:6 |    1048 |       0 |   0.0 |      21 |       0 |   0.0
        D:7 |    1758 |     124 |   6.6 |      12 |       8 |  40.0
        D:8 |    1727 |     415 |  19.4 |      23 |       1 |   4.2
        D:9 |    2082 |       0 |   0.0 |      19 |       0 |   0.0
            +---------+---------+-------+---------+---------+-------
